 Dungeon Crawl Stone Soup version 0.22-a0-542-gce4f928 (webtiles) character file.

1171 vishdafish the Poker (level 8, -6/58 HPs)
             Began as an Octopode Berserker on Apr 20, 2018.
             Was a Priest of Trog.
             Mangled by a soldier ant (7 damage)
             ... on level 5 of the Dungeon on June 24, 2018.
             The game lasted 00:09:31 (4443 turns).

vishdafish the Poker (Octopode Berserker)           Turns: 4443, Time: 00:09:33

Health: -6/58      AC:  3    Str: 17    XL:     8   Next: 41%
Magic:  8/8        EV: 22    Int: 18    God:    Trog [***...]
Gold:   216        SH:  0    Dex: 16    Spells: 7/7 levels left

rFire    . . .     SeeInvis .   a - +0 spear
rCold    . . .     Gourm    .   (no shield)
rNeg     . . .     Faith    .   (helmet restricted)
rPois    .         Spirit   .   p - amulet of Ymabu {RegenMP rElec MR++}
rElec    +         Reflect  .   e - +5 ring of intelligence
rCorr    .         Harm     .   o - +2 ring of intelligence
MR       ++...                  u - +2 ring of protection
Stlth    ++++......             (no ring)
HPRegen  0.19/turn              (no ring)
MPRegen  0.36/turn              (no ring)
                                (no ring)
                                (no ring)

@: agile, lethally poisoned (-6 -> -37), berserk cooldown, flying, slowed,
drained, very slow
A: almost no armour, stealthy swim, amphibious, 8 rings, constrict 8, camouflage
1, gelatinous body 1
a: Berserk, Trog's Hand, Renounce Religion


You were on level 5 of the Dungeon.
You worshipped Trog.
Trog was most pleased with you.
You were not hungry.

You visited 1 branch of the dungeon, and saw 5 of its levels.

You collected 216 gold pieces.

Inventory:

Hand Weapons
 a - a +0 spear (weapon)
Jewellery
 e - a +5 ring of intelligence (left tentacle)
 o - a +2 ring of intelligence (right tentacle)
 p - the amulet of Ymabu (around mantle) {RegenMP rElec MR++}
   (You found it on level 4 of the Dungeon)

   [amulet of magic regeneration]

   It increases your magic regeneration.
   It insulates you from electricity.
   It affects your resistance to hostile enchantments.
 u - a +2 ring of protection (on tentacle)
Scrolls
 c - 2 scrolls of amnesia
 d - 4 scrolls of remove curse
 f - a scroll of fear {unknown}
 g - 2 scrolls of enchant armour
 h - 3 scrolls of noise
 j - 3 scrolls of identify
 k - a scroll of fog
 q - a scroll of immolation {unknown}
 r - a scroll of teleportation {unknown}
Potions
 l - 2 potions of curing {unknown}
 m - a potion of agility
 s - a potion of haste {unknown}
 t - a potion of brilliance {unknown}
 v - a potion of lignification {unknown}
Comestibles
 b - 7 rations


   Skills:
 + Level 6.3 Fighting
 + Level 6.3 Polearms
 + Level 6.3 Dodging
 - Level 1.0(0.9) Stealth


You had 7 spell levels left.
You didn't know any spells.
Your spell library contained the following spells:

 Spells                   Type           Power        Failure   Level  Hunger
 Animate Dead             Necr           N/A          91%         4    #####..
 Pain                     Necr           #...         22%         1    ##.....
 Animate Skeleton         Necr           N/A          22%         1    ##.....
 Vampiric Draining        Necr           #.........   54%         3    ####...
 Regeneration             Chrm/Necr      #.........   54%         3    ####...


Dungeon Overview and Level Annotations

Branches:
Dungeon (5/15)             Temple (0/1) D:5

Altars:
Gozag
Okawaru
Qazlal
Trog
Vehumet
Wu Jian
Xom
The Shining One

Annotations:
D:5 1 runed door


Innate Abilities, Weirdness & Mutations

You cannot wear most types of armour.
You are very stealthy in the water. (Stealth+)
You are amphibious.
You can wear up to eight rings at the same time.
You can use your tentacles to constrict eight enemies at once.
Your skin changes colour to match your surroundings (Stealth+).
Your rubbery body absorbs attacks. (AC +1, EV +1)


Message History

You are more poisoned.
The worker ant poisons you! The soldier ant closely misses you.
Unknown command.
It was a potion of agility.
You feel agile all of a sudden.
* * * LOW HITPOINT WARNING * * *
You feel very sick.
The worker ant bites you but does no damage.
The worker ant closely misses you. x2; The worker ant completely misses you.
The worker ant misses you. The soldier ant closely misses you.
The worker ant bites you but does no damage.
The worker ant closely misses you. The worker ant completely misses you.
It was a potion of flight.
You feel very buoyant.
You fly up into the air.
* * * LOW HITPOINT WARNING * * *
You feel very sick. The worker ant barely misses you.
The worker ant completely misses you. x2
The soldier ant stings you!
You die...

...............#.................
...............+.................
...########'########.............
...#...............#......#'#####
####...............#......#....#.
...#....#######...§#......#....#.
...#....#.b.b.#as§.#......#....#.
...#....+..bb.§aaa§#......##..###
...#....#.....#a@a§##......##'###
...#....#######§§§§##......#....#
...#..........§§§§.#+......#....#
'###...............##......#....#
..#########'#########......######
..#.....................####...##
..#.....................'........
..#.....................#........
###.....................#........


You could see a soldier ant, 5 worker ants and a giant cockroach.

Vanquished Creatures
  Pikel (D:4)
  A hippogriff (D:3)
  3 slaves (D:3)
  An ice beast (D:5)
  The ghost of Amnesiac the Ducker, an amateur SpBe of Trog (D:4)
  A crimson imp (D:4)
  2 bullfrog skeletons
  An iguana (D:4)
  2 worker ants
  A hound zombie (D:4)
  A hound skeleton (D:5)
  10 adders
  An ooze (D:2)
  2 worms (D:2)
  2 dart slugs
  2 leopard geckos (D:1)
  8 orcs
  5 giant cockroaches
  6 goblins
  6 hobgoblins
  4 jackals
  A quokka (D:3)
  4 bats
  4 frilled lizards
  A giant cockroach zombie (D:4)
  13 kobolds
  A quokka skeleton (D:5)
  13 rats
98 creatures vanquished.

Notes
Turn   | Place    | Note
-------+----------+-------------------------------------------
     0 | D:1      | vishdafish the Octopode Berserker began the quest for the Orb.
     0 | D:1      | Reached XP level 1. HP: 16/16 MP: 1/1
   260 | D:1      | Reached XP level 2. HP: 20/21 MP: 2/2
   758 | D:1      | Reached skill level 1 in Stealth
   889 | D:2      | Reached XP level 3. HP: 20/26 MP: 3/3
  1114 | D:2      | Reached ** piety under Trog
  1149 | D:2      | Reached XP level 4. HP: 33/33 MP: 4/4
  1567 | D:2      | Found a bloodstained altar of Trog.
  1567 | D:2      | Found a glowing golden altar of the Shining One.
  1569 | D:2      | Found a shimmering altar of Xom.
  1905 | D:3      | Reached XP level 5. HP: 27/37 MP: 5/5
  2137 | D:3      | Found an ornate altar of the Wu Jian Council.
  2138 | D:3      | Noticed a hippogriff
  2145 | D:3      | Killed a hippogriff
  2145 | D:3      | Reached XP level 6. HP: 28/44 MP: 6/6
  2753 | D:4      | Reached *** piety under Trog
  2814 | D:4      | Got a smoking ruby amulet
  2815 | D:4      | Identified the amulet of Ymabu {RegenMP rElec MR++} (You found it on level 4 of the Dungeon)
  2855 | D:4      | Found a stormy altar of Qazlal.
  2900 | D:4      | Noticed a slave
  2900 | D:4      | Noticed a slave
  2905 | D:4      | Noticed a slave
  2905 | D:4      | Noticed Pikel
  2905 | D:4      | Noticed a slave
  2930 | D:3      | Killed a slave
  3002 | D:4      | Found an iron altar of Okawaru.
  3005 | D:4      | Found an opulent altar of Gozag.
  3008 | D:4      | Found a radiant altar of Vehumet.
  3038 | D:3      | Killed a slave
  3041 | D:3      | Killed a slave
  3095 | D:4      | Reached skill level 5 in Polearms
  3249 | D:4      | Found a runed gate.
  3249 | D:4      | Found a runed gate.
  3249 | D:4      | Found a runed gate.
  3250 | D:4      | Noticed Amnesiac's ghost (amateur SpBe)
  3256 | D:4      | Killed Pikel
  3256 | D:4      | Reached skill level 5 in Fighting
  3256 | D:4      | Reached skill level 5 in Dodging
  3256 | D:4      | Reached XP level 7. HP: 51/51 MP: 7/7
  3256 | D:4      | Reached XP level 8. HP: 57/57 MP: 8/8
  3325 | D:4      | Killed Amnesiac's ghost
  3522 | D:5      | Entered Level 5 of the Dungeon
  3733 | D:5      | Found a runed door.
  3747 | D:5      | Found a runed door.
  4374 | D:5      | Found a staircase to the Ecumenical Temple.
  4443 | D:5      | HP: 1/58 [poisoned by a worker ant]
  4443 | D:5      | Mangled by a soldier ant

Vault maps used:
D:1:      grunt_arrival_crossed_arrows, minmay_misc_feat_encased
D:2:      gammafunk_temple_overflow_wave, lemuel_crystal_altar
D:3:      minmay_wonky_spiral, nicolae_overflow_hidden_temple,
          kennysheep_generic_room_3
D:4:      overflow_temple_1_default, grunt_temple_overflow_diamond,
          gammafunk_ghost_necromancy, due_unseen_surprise, uniq_pikel
D:5:      lemuel_insect_pit, temple_hall, first_ration

Skill      XL: |  1  2  3  4  5  6  7  8 |
---------------+-------------------------+-----
Stealth        | 1 |  1.0
Polearms       | 4 5 6 |  6.3
Fighting       | 4 5 6 |  6.3
Dodging        | 4 5 6 |  6.3

Action                   |  1- 3 |  4- 6 |  7- 9 || total
-------------------------+-------+-------+-------++-------
Melee: Spear             |    63 |   141 |    57 ||   261
       Constrict         |    17 |    22 |    13 ||    52
       Tentacles         |    16 |    22 |    11 ||    49
Invok: Berserk           |     3 |     6 |     4 ||    13
  Use: Scroll            |       |     2 |     4 ||     6
       Potion            |       |       |     2 ||     2
 Stab: Sleeping          |     8 |    12 |     1 ||    21
       Distracted        |       |     1 |       ||     1
  Eat: Chunk             |     2 |    10 |     2 ||    14
       Ration            |       |     1 |     2 ||     3
Armor: Skin              |     9 |     3 |     6 ||    18
Dodge: Dodged            |    53 |    54 |    53 ||   160

Table legend:
 A = Spawn XP
 B = Non-spawn XP
 C = Spawn XP percentage of total XP
 D = Spawn monster count
 E = Non-spawn monster count
 F = Spawn count percentage of total count
 G = Total turns spent on level
                    A         B        C        D         E        F      G
               +---------+---------+-------+---------+---------+-------+---------
         Total |       0 |    1673 |   0.0 |       0 |      95 |   0.0 |  4443
               +---------+---------+-------+---------+---------+-------+---------
           D:1 |       0 |      34 |   0.0 |       0 |      22 |   0.0 |  1044
           D:2 |       0 |      79 |   0.0 |       0 |      21 |   0.0 |   630
           D:3 |       0 |     371 |   0.0 |       0 |      28 |   0.0 |  1110
           D:4 |       0 |     944 |   0.0 |       0 |       9 |   0.0 |   738
           D:5 |       0 |     245 |   0.0 |       0 |      15 |   0.0 |   921
               +---------+---------+-------+---------+---------+-------+---------
